 Dungeon Crawl Stone Soup version 0.28.0-53-g5a82cb258f (webtiles) character file.

Game seed: 14194012477571941828

321 Lutefisk the Skirmisher (level 6, -1/51 HPs)
             Began as a Formicid Arcane Marksman on Aug 20, 2022.
             Slain by a water moccasin (2 damage)
             ... on level 7 of the Dungeon.
             The game lasted 00:28:29 (4807 turns).

Lutefisk the Skirmisher (Formicid Arcane Marksman)  Turns: 4807, Time: 00:28:31

Health: -1/51      AC:  4    Str: 13 (14) XL:     6   Next: 76%
Magic:  5/7        EV: 11    Int: 12 (13) God:
Gold:   198        SH:  0    Dex: 13      Spells: 6/7 levels left

rFire   . . .      SeeInvis +   j - +0 quarterstaff
rCold   . . .      Faith    .   (no shield)
rNeg    . . .      Spirit   .   y - +0 leather armour
rPois   .          Reflect  .   (helmet unavailable)
rElec   .          Harm     .   (no cloak)
rCorr   .          Rampage  .   (no gloves)
Will    .....                   w - +0 pair of boots
Stlth   +++.......              (no amulet)
HPRegen 0.17/turn               (no ring)
MPRegen 0.10/turn               (no ring)

@: lethally poisoned (-1 -> -9)
A: permanent stasis, dig shafts and tunnels, antennae 3, four strong arms
a: Dig, Shaft Self


You were on level 7 of the Dungeon.
You visited 1 branch of the dungeon, and saw 7 of its levels.
You also visited: Sewer.

You collected 198 gold pieces.

Inventory:

Hand Weapons
 a - a +0 hand crossbow
 b - a +0 whip
 g - a +0 dagger
 j - a +0 quarterstaff (weapon)
 n - a +1 short sword of speed
 p - a +0 hunting sling
Missiles
 c - 36 bolts
 e - 157 stones
 m - 25 poisoned darts (quivered)
Armour
 w - a +0 pair of boots (worn)
 y - a +0 leather armour (worn)
Magical Staves
 k - a staff of death
Wands
 o - a wand of digging (6)
Scrolls
 f - a scroll of amnesia {unknown}
 i - 2 scrolls of identify {unknown}
 l - 3 scrolls of teleportation {unknown}
 s - 2 scrolls of holy word {unknown}
 t - a scroll of blinking {unknown}
 x - a scroll of vulnerability {unknown}
Potions
 h - a potion of cancellation
 u - a potion of brilliance {unknown}
 v - a potion of might {unknown}


   Skills:
 * Level 5.0 Fighting
 - Level 2.0 Crossbows
 - Level 1.0 Armour
 - Level 1.7 Dodging
 - Level 5.0 Stealth
 - Level 1.1 Spellcasting
 - Level 4.0 Hexes


You had 6 spell levels left.
You knew the following spells:

 Your Spells              Type           Power      Damage    Failure   Level
a - Slow                  Hex            40%        N/A       8%          1

Your spell library contained the following spells:

 Spells                   Type           Power      Damage    Failure   Level
 Inner Flame              Hex/Fire       5%         N/A       45%         3
 Portal Projectile        Hex/Tloc       10%        N/A       45%         3
 Static Discharge         Conj/Air       0%         N/A       50%         2
 Cause Fear               Hex            5%         N/A       58%         4
 Call Canine Familiar     Summ           0%         N/A       75%         3
 Leda's Liquefaction      Hex/Erth       2%         N/A       86%         4
 Dispel Undead            Necr           0%         3d6       98%         4
 Sticky Flame             Conj/Fire      0%         2d3       98%         4


Dungeon Overview and Level Annotations

Branches:
Dungeon (7/15)              Sewer (visited)
 Temple: D:4-7

Altars:
Kikubaaqudgha

Annotations:
D:4 Eustachio
D:5 Grinder


Innate Abilities, Weirdness & Mutations

You cannot be hasted, slowed, berserked, paralysed or teleported.
You can dig through walls and to a lower floor.
You have a pair of large antennae on your head. (SInv)
Your four strong arms can wield two-handed weapons with a shield.


Message History

The water moccasin is heavily wounded.
The water moccasin barely misses you. The water moccasin closely misses you.
You miss the water moccasin.
The water moccasin is heavily wounded.
The water moccasin barely misses you.
You closely miss the water moccasin.
The water moccasin is heavily wounded.
The water moccasin bites you.
The water moccasin bites you but does no damage.
You hit the water moccasin.
The water moccasin is severely wounded.
The water moccasin bites you but does no damage. x2
You hit the water moccasin but do no damage.
The water moccasin is severely wounded.
The water moccasin bites you.
You are poisoned.
The water moccasin poisons you! The water moccasin bites you.
* * * LOW HITPOINT WARNING * * *
You are lethally poisoned!
The water moccasin poisons you!
You barely miss the water moccasin.
The water moccasin is severely wounded.
* * * LOW HITPOINT WARNING * * *
You feel very sick. The water moccasin bites you.
* * * LOW HITPOINT WARNING * * *
The water moccasin barely misses you.
You hit the water moccasin.
The water moccasin is almost dead.
* * * LOW HITPOINT WARNING * * *
You feel very sick. The water moccasin closely misses you.
Unknown command.
You closely miss the water moccasin.
The water moccasin is almost dead.
* * * LOW HITPOINT WARNING * * *
You feel very sick.
The water moccasin completely misses you.
The water moccasin bites you.
You die...

#########
......S.#
#@#
####.#
#....#
#.####
#.# #.#
#.# #.#
#.#


You could see a water moccasin.

Vanquished Creatures
  An iguana (D:6)
  6 adders
  A river rat (D:3)
  A white imp (D:5)
  An ufetubus (D:4)
  A worm (D:3)
  4 dart slugs
  4 orcs
  15 endoplasms
  10 giant cockroaches
  11 hobgoblins
  6 jackals (D:1)
  13 kobolds
  11 quokkas
  14 ball pythons
  3 bats
  3 frilled lizards (Sewer)
  4 goblins
  6 rats
115 creatures vanquished.

Vanquished Creatures (collateral kills)
  A kobold brigand (D:5)
  3 kobolds (D:5)
4 creatures vanquished.

Vanquished Creatures (others)
  A plant (D:3)
1 creature vanquished.

Grand Total: 120 creatures vanquished

Notes
Turn   | Place    | Note
-------+----------+-------------------------------------------
     0 | D:1      | Lutefisk the Formicid Arcane Marksman began the quest for
                  | the Orb.
     0 | D:1      | Reached XP level 1. HP: 15/15 MP: 2/2
    72 | D:1      | Reached skill level 1 in Stealth
   200 | D:1      | Reached XP level 2. HP: 22/22 MP: 3/3
   575 | D:1      | Reached XP level 3. HP: 25/28 MP: 4/4
  1273 | D:3      | Reached XP level 4. HP: 12/34 MP: 5/5
  1548 | D:3      | Found a glowing drain.
  1563 | Sewer    | Entered a sewer
  1648 | Sewer    | Reached XP level 5. HP: 42/42 MP: 6/6
  2121 | Sewer    | HP: 2/43 [constriction (1)]
  2844 | D:3      | Reached XP level 6. HP: 49/49 MP: 7/7
  3112 | D:4      | Noticed Eustachio
  3241 | D:4      | Noticed a black bear
  3505 | D:4      | Found an ancient bone altar of Kikubaaqudgha.
  3554 | D:5      | Entered Level 5 of the Dungeon
  3664 | D:5      | Noticed an ogre
  3813 | D:5      | Reached skill level 5 in Fighting
  3813 | D:5      | Reached skill level 1 in Armour
  4172 | D:5      | Noticed Grinder
  4236 | D:4      | You fall into a shaft and drop 3 floors!
  4489 | D:6      | Reached skill level 5 in Stealth
  4682 | D:6      | Noticed an orc warrior
  4781 | D:7      | Noticed a water moccasin
  4807 | D:7      | HP: 1/51 [poisoned by a water moccasin]
  4807 | D:7      | Slain by a water moccasin

Illustrated notes

Levels and vault maps discovered:
D:1:      minmay_arrival_stone_box, layout_loops_ring,
          hellmonk_ecumenical_altar_leap_of_faith,
          chequers_serial_rivers_large_a
D:2:      layout_loops_ring, chequers_serial_rivers_micro_b, minivault_26
D:3:      corexii_shack_village, layout_basic, serial_glass, glass_columns_a,
          glass_columns_a, glass_columns_b, glass_columns_a, glass_columns_a,
          glass_columns_a, item_on_display_a, due_unseen_surprise,
          minmay_strange_pillars, portal_sewer_entry_e
D:4:      layout_rooms, nicolae_kikubaaqudgha_miasma_corner, dk_noncrumbling_4,
          kennysheep_pointless_box, uniq_eustachio
D:5:      layout_gridville, uniq_grinder
D:6:      layout_basic, minmay_temple_entry_glass, serial_shops, shop,
          kennysheep_another_room, st_stairs_7
D:7:      layout_basic

Skill      XL: |  1  2  3  4  5  6 |
---------------+-------------------+-----
Stealth        | 1 2 3 5 |  5.0
Fighting       | 2 3 4 5 |  5.0
Hexes          | 4 |  4.0
Armour         | 1 |  1.0
Crossbows      | |  2.0
Dodging        | |  1.7
Spellcasting   | |  1.1

Action                   |  1- 3 |  4- 6 || total
-------------------------+-------+-------++-------
Melee: Whip              |   124 |    99 ||   223
       Dagger            |     5 |    14 ||    19
       Punch             |     1 |     3 ||     4
       Quarterstaff      |       |    48 ||    48
       Short sword       |       |    38 ||    38
 Fire: Hand crossbow     |    20 |    12 ||    32
       Hunting sling     |       |   125 ||   125
Throw: Stone             |     1 |       ||     1
       Dart              |       |     5 ||     5
 Cast: Slow              |       |     5 ||     5
 Abil: Dig               |     1 |     1 ||     2
       Shaft Self        |       |     1 ||     1
  Use: Potion            |       |     6 ||     6
       Scroll            |       |     1 ||     1
 Stab: Sleeping          |     7 |     6 ||    13
Armor: Robe              |    29 |    27 ||    56
       Leather armour    |       |     9 ||     9
Dodge: Dodged            |    88 |   166 ||   254
